 Dungeon Crawl Stone Soup version 0.30.1-11-g7821555f0a (webtiles) character file.

Game seed: 16851662101179606740

15 Chiseanne the Stinger (level 2, -1/21 HPs)
             Began as a Demonspawn Wanderer on Nov 17, 2023.
             Slain by an adder (3 damage)
             ... on level 1 of the Dungeon.
             The game lasted 00:00:38 (281 turns).

Chiseanne the Stinger (Demonspawn Wanderer)          Turns: 281, Time: 00:00:38

Health: -1/21      AC:  2    Str: 11    XL:     2   Next: 34%
Magic:  5/5        EV: 11    Int: 12    God:
Gold:   29         SH:  4    Dex: 14    Spells: 4/5 levels left

rFire   . . .        a - +0 mace
rCold   . . .        b - +0 buckler
rNeg    . . .        d - +0 robe
rPois   .            (no helmet)
rElec   .            (no cloak)
rCorr   .            (no gloves)
SInv    .            (no boots)
Will    .....        (no amulet)
Stlth   +            (no ring)
HPRegen 0.23/turn    (no ring)
MPRegen 0.09/turn

%: no passive effects
@: lethally poisoned (-1 -> -4)
A: powered by pain 1
a: no special abilities


You were on level 1 of the Dungeon.
You visited 1 branch of the dungeon, and saw 2 of its levels.

You collected 29 gold pieces.

Inventory:

Hand Weapons
 a - a +0 mace (weapon)
Missiles
 f - 7 stones
 g - 6 javelins
Armour
 b - a +0 buckler (worn)
 d - a +0 robe (worn)
Scrolls
 e - a scroll of acquirement {unknown}
Potions
 c - a potion of lignification


   Skills:
 * Level 1.6 Fighting
 - Level 1.7 Maces & Flails
 + Level 0.4 Armour
 * Level 1.3 Dodging
 * Level 1.3 Shields
 - Level 2.0 Spellcasting
 - Level 3.0 Poison Magic


You had 4 spell levels left.
You knew the following spells:

 Your Spells              Type           Power      Damage    Failure   Level
a - Sting                 Tmut/Pois      16%        1d3       22%         1

Your spell library contained the following spells:

 Spells                   Type           Power      Damage    Failure   Level
 Poisonous Vapours        Pois/Air       8%         N/A       32%         2
 Mephitic Cloud           Conj/Pois/Air  3%         N/A       61%         3


Dungeon Overview and Level Annotations

Branches:
Dungeon (2/15)

Altars:


Innate Abilities, Weirdness & Mutations

You sometimes gain a little power by taking damage.


Message History

The ball python attacks as you move away!
The ball python barely misses you.
There is an escape hatch in the floor here.
The ball python bites you but does no damage.
The ball python grabs you.
You stop descending the stairs.
The ball python constricts you. The goblin closely misses you.
You escape the ball python's grasp.
The ball python barely misses you. The ball python closely misses you.
You slide downwards.
The hatch slams shut behind you.
The adder hisses angrily.
You thump the ball python!
You kill the ball python!
The goblin closely misses you.
You hit the goblin.
You kill the goblin!
Found a leather armour.
The kobold shouts!
You hear a shout!
A kobold comes into view. It is wielding a +0 short sword.
You can't go up here!
There is a stone staircase leading up here.
The adder barely misses you.
You climb upwards.
The endoplasm quivers.
There is a stone staircase leading down here.
You sock the adder!
The adder is heavily wounded.
The adder bites you but does no damage. The adder bites you.
* * * LOW HITPOINT WARNING * * *
You are lethally poisoned!
The adder poisons you!
You closely miss the adder.
The adder is heavily wounded.
* * * LOW HITPOINT WARNING * * *
You feel very sick. The adder bites you but does no damage.
The adder closely misses you.
You closely miss the adder.
The adder is heavily wounded.
* * * LOW HITPOINT WARNING * * *
You feel sick. The adder bites you.
You die...

.$..... #
#..
...........
# #..
...........
## #..
....>......
#. .. ...
....... #.
#. ..
.......####.
#.#.#
..$.........
#...#
.......g....
#S@#
#....#.####.
#..# ##. ...
#. ....#
###. #.
#..... #. #.
#..... #. #.
..♣♣r♣~ #.
## ##♣ P.~~
#. # ~.≈≈~


You could see an adder and a rat (asleep).

Vanquished Creatures
  2 endoplasms (D:1)
  6 jackals (D:1)
  A ball python (D:2)
  2 goblins
  2 rats (D:1)
13 creatures vanquished.

Notes
Turn   | Place    | Note
-------+----------+-------------------------------------------
     0 | D:1      | Chiseanne the Demonspawn Wanderer began the quest for the
                  | Orb.
     0 | D:1      | Chiseanne set off with the following items: a +0 mace, a +0
                  | buckler, a potion of lignification, a +0 robe; and the
                  | following spell memorised: Sting; and the following spells
                  | available to memorise: Poisonous Vapours, Mephitic Cloud.
     0 | D:1      | Reached XP level 1. HP: 15/15 MP: 3/3
    72 | D:1      | Gained mutation: You sometimes gain a little power by
                  | taking damage. [demonic ancestry]
    72 | D:1      | Reached XP level 2. HP: 10/21 MP: 5/5
   281 | D:1      | Slain by an adder

Illustrated notes

Levels and vault maps discovered:
D:1:      psy_arrival_terrarium, layout_rooms, serial_bayou,
          serial_bayou_crossing, serial_bayou_lagoon_a, serial_bayou_lagoon_b,
          serial_bayou_ford_a
D:2:      layout_basic, basic_altar, dreamdust_ecumenical_altar_sealed_demon,
          feat_on_display, uniq_crazy_yiuf_cottage

Action                     || total
---------------------------++-------
  Melee: Mace              ||    37
 Armour: Robe              ||    11
  Dodge: Dodged            ||    45
  Block: Buckler           ||    13
